 Dungeon Crawl Stone Soup version 0.31-a0-532-g28f74ba3e5 (webtiles) character file.

Game seed: 93930362372654553

45944 experimilk the Brawler (level 14, -22/144 HPs)
             Began as a Troll Gladiator on Aug 12, 2023.
             Was a High Priest of Wu Jian.
             Annihilated by an ettin
             ... wielding a +3 dire flail
              (37 damage)
             ... on level 1 of the Orcish Mines.
             The game lasted 01:05:43 (21975 turns).

experimilk the Brawler (Troll Gladiator)           Turns: 21975, Time: 01:05:44

Health: -22/144    AC: 12    Str: 29    XL:     14   Next: 3%
Magic:  0/13       EV: 14    Int:  4    God:    Wu Jian [*****.]
Gold:   625        SH:  0    Dex: 11    Spells: 13/13 levels left

rFire   + .          .
                       - Unarmed
rCold   + . .        (no shield)
rNeg    . . .        h - +0 swamp dragon scales
rPois   +            b - +0 hat
rElec   .            F - scarf {rC+ rF+}
rCorr   .            (gloves unavailable)
SInv    .            (boots unavailable)
Will    ++...        y - amulet of guardian spirit
Stlth   +            i - +5 ring of evasion
HPRegen 1.24/turn    m - ring of willpower
MPRegen 0.13/turn

%: guardian spirit
@: about to teleport
A: large, unfitting armour, claws 3, regeneration 1, shaggy fur 1, tough skin 1
a: Renounce Religion, Wall Jump, Serpent's Lash, Heavenly Storm


You were on level 1 of the Orcish Mines.
You worshipped Wu Jian.
Wu Jian was extremely pleased with you.
You visited 4 branches of the dungeon, and saw 17 of its levels.

You collected 1054 gold pieces.
You spent 429 gold pieces at shops.

Inventory:

Missiles
 c - 4 throwing nets
 e - 15 poisoned darts (quivered)
 x - 2 silver javelins
 G - a curare-tipped dart
Armour
 a - a +0 robe
 b - a +0 hat (worn)
 h - +0 swamp dragon scales (worn)
 w - a +0 troll leather armour
 F - a scarf of resistance (worn)
Jewellery
 i - a +5 ring of evasion (left claw)
 j - a ring of wizardry
 m - a ring of willpower (right claw)
 v - an amulet of magic regeneration
 y - an amulet of guardian spirit (around neck)
 D - a ring of flight
Wands
 l - a wand of paralysis (2)
 p - a wand of mindburst (10)
 I - a wand of roots (13)
 L - a wand of light (7)
Scrolls
 f - a scroll of silence
 k - 2 scrolls of poison
 u - a scroll of blinking {unknown}
 z - 2 scrolls of immolation
 E - 2 scrolls of revelation
 H - a scroll of brand weapon
Potions
 d - a potion of brilliance
 g - 3 potions of ambrosia
 n - a potion of enlightenment
 o - 3 potions of curing
 r - 2 potions of heal wounds
 s - a potion of mutation
 t - a potion of resistance
 B - 2 potions of attraction
 C - 2 potions of might
Miscellaneous
 K - a lightning rod (2/4)


   Skills:
 + Level 10.6 Fighting
 - Level 10.0 Throwing
 - Level 10.0 Armour
 - Level 2.4 Dodging
 - Level 15.0 Unarmed Combat


You had 13 spell levels left.
You didn't know any spells.
Your spell library contained the following spells:

 Spells                   Type           Power      Damage    Failure   Level
 Apportation              Tloc           0%         N/A       58%         1
 Magic Dart               Conj           0%         1d3       58%         1
 Necrotise                Necr           0%         1d4       58%         1
 Summon Small Mammal      Summ           0%         N/A       58%         1
 Lesser Beckoning         Tloc           0%         N/A       75%         2
 Searing Ray              Conj           0%         2d4       75%         2
 Static Discharge         Conj/Air       0%         2-2/arc   75%         2
 Call Canine Familiar     Summ           0%         N/A       92%         3
 Frozen Ramparts          Ice            0%         1d1       92%         3
 Gell's Gravitas          Tloc           0%         N/A       92%         3
 Portal Projectile        Hex/Tloc       0%         N/A       92%         3
 Stone Arrow              Conj/Erth      0%         3d7       92%         3
 Teleport Other           Tloc           0%         N/A       92%         3
 Tukima's Dance           Hex            0%         N/A       92%         3
 Vhi's Electric Charge    Tloc/Air       0%         N/A       92%         3
 Airstrike                Air            0%         2d(0-16)  100%        4
 Animate Armour           Summ/Erth      0%         N/A       100%        4
 Fulminant Prism          Conj/Hex       0%         3d5       100%        4
 Iskenderun's Mystic Bla  Conj/Tloc      0%         2d3       100%        4
 Leda's Liquefaction      Hex/Erth       0%         N/A       100%        4
 Petrify                  Tmut/Erth      0%         N/A       100%        4
 Summon Lightning Spire   Summ/Air       0%         N/A       100%        4
 Alistair's Intoxication  Tmut/Pois      0%         N/A       100%        5
 Arcjolt                  Conj/Air       0%         1d10      100%        5
 Metabolic Englaciation   Hex/Ice        0%         N/A       100%        5
 Plasma Beam              Fire/Air       0%         2x1d10    100%        6
 Haunt                    Necr/Summ      0%         N/A       100%        7
 Borgnjor's Revivificati  Necr           0%         N/A       100%        8
 Lehudib's Crystal Spear  Conj/Erth      0%         10d2      100%        8
 Death's Door             Necr           0%         N/A       100%        9


Dungeon Overview and Level Annotations

Branches:
Dungeon (10/15)            Temple (1/1) D:6            Lair (5/5) D:10
 Shoals (0/4) Lair:2        Snake (0/4) Lair:3        Slime (0/5) Lair:5
    Orc (1/2) D:10

Altars:
Ashenzari
Cheibriados
Dithmenos
Elyvilon
Fedhas
Gozag
Hepliaklqana
Kikubaaqudgha
Makhleb
Nemelex Xobeh
Okawaru
Qazlal
Ru
Sif Muna
Trog
Uskayaw
Vehumet
Wu Jian
Xom
Yredelemnul
Zin
The Shining One
Jiyva

Shops:
D:7 !

Portals:
Abyss: D:4

Annotations:
D:4 2 transporters, 3 runed translucent doors, bcImEvil's ghost, amateur HuWn; zenocrate's ghost, amateur OpSh
D:5 1 runed translucent door, Lemondrips's ghost, amateur DrSh
Lair:3 1 runed translucent door, Ifupes's ghost, journeyman DsCK


Innate Abilities, Weirdness & Mutations

You are too large for most types of armour.
You have claws for hands.
Your natural rate of healing is unusually fast.
You are covered in fur. (AC +1)
You have tough skin. (AC +1)


Message History

Throw: 15 darts (poison)
Press: ? - help, Q - select action, (/) - cycle Shift-Dir - straight line, f - warg
Aim: a warg (59% to hit)
Okay, then.
The warg bites you but does no damage. The warg bites you.
You climb upwards.
Welcome back to the Dungeon!
There is a staircase to the Orcish Mines here.
You mangle the warg!!
The warg is severely wounded.
The warg closely misses you.
You mangle the warg!!
You kill the warg!
The Council accepts your kill.
You can now summon a storm of heavenly clouds to empower your attacks.
There is a staircase to the Orcish Mines, spattered with blood here.
You climb downwards.
Welcome back to the Orcish Mines!
The ettin hits you with a +3 dire flail!!!
The ettin hits you with a +0 dire flail!
The ogre mage gestures wildly while chanting.
The ogre mage flickers and vanishes!
Deactivating autopickup; reactivate with Ctrl-A.
The ettin hits you with a +3 dire flail!!
The ettin hits you with a +0 dire flail!!
There is a staircase back to the Dungeon, spattered with blood here.
Unknown command.
As you read the scroll labelled ZAACSO KYUNIL, it dissolves into smoke.
It was a scroll of fog.
The two-headed ogre barely misses you. The two-headed ogre closely misses you.
The ettin closely misses you. The ettin barely misses you.
You spin and attack the ettin.
You barely miss the ettin. The ettin misses you.
The ettin hits you with a +0 dire flail!
* * * LOW HITPOINT WARNING * * *
Things that are here:
a +0 robe; a +0 dagger
As you read the scroll of teleportation, it crumbles to dust.
You feel strangely unstable. Something barely misses you.
The ettin hits you with a +3 dire flail!!
* * * LOW HITPOINT WARNING * * *
The ettin hits you with a +0 dire flail!!!
You die...

#. ... .... #....
#############.....
#.....§§O§§§.....$
#.....§@C§§.§.....
##.....§§{§§......
#.....[§§§(.......
#+##.(....{.......
##.............
####.#..#.....
####(.#....
#(##### .#


You could see an ettin and a two-headed ogre.

Vanquished Creatures
  2 hydras
  2 two-headed ogres (D:9)
  2 catoblepae
  6 death yaks (Lair:5)
  A deep troll shaman (Lair:5)
  Erica (Lair:2)
  3 skysharks
  Amaemon (Lair:3)
  A lindwurm (Lair:5)
  An orc knight (Orc:1)
  A deep elf pyromancer (D:9)
  14 elephants
  A cyclops (Orc:1)
  2 merfolk sirens (Lair:2)
  3 black mambas
  An orange demon (Lair:3)
  11 cane toads
  Maggie (D:8)
  8 komodo dragons
  A troll (D:10)
  2 merfolk (Lair:2)
  8 polar bears
  Grinder (D:3)
  A hornet (D:9)
  24 blink frogs
  2 slime creatures (D:9)
  2 basilisks
  47 yaks
  2 steam dragons
  4 wargs
  An acid dragon (D:9)
  6 nagas (Lair:3)
  8 water moccasins
  2 black bears
  4 orc warriors
  An ice beast (D:8)
  7 wolves
  2 ogres
  8 centaurs
  A phantom (D:4)
  3 kobold brigands
  18 bullfrogs
  A gnoll sergeant (D:9)
  3 scorpions
  3 wights
  A killer bee (D:9)
  2 howler monkeys
  A vampire bat (D:5)
  4 jellies
  3 orc priests
  A gnoll bouda (D:8)
  4 hounds
  3 sleepcaps
  2 scorpion zombies (D:4)
  Natasha (twice) (D:4)
  An iguana (D:5)
  5 orc wizards
  15 gnolls
  8 adders
  A shadow imp (D:7)
  An ufetubus (D:7)
  3 dart slugs
  3 fire bats (D:5)
  30 orcs
  2 spectral bats (D:5)
  16 bats
  3 bat skeletons (D:5)
  A bat zombie (D:5)
  5 endoplasms
  3 giant cockroaches
  8 goblins
  6 hobgoblins
  A jackal (D:1)
  15 kobolds
  5 quokkas
  9 ball pythons
  A bat simulacrum (D:5)
  3 frilled lizards
  7 rats
399 creatures vanquished.

Notes
Turn   | Place    | Note
-------+----------+-------------------------------------------
     0 | D:1      | experimilk the Troll Gladiator began the quest for the Orb.
     0 | D:1      | Reached XP level 1. HP: 19/19 MP: 0/0
    74 | D:1      | Reached XP level 2. HP: 27/27 MP: 1/1
   214 | D:1      | Reached skill level 4 in Unarmed Combat
   589 | D:2      | Reached XP level 3. HP: 13/33 MP: 2/2
  1018 | D:2      | Reached XP level 4. HP: 39/41 MP: 3/3
  1109 | D:2      | Reached skill level 5 in Unarmed Combat
  1363 | D:3      | Noticed a bullfrog
  1366 | D:3      | Killed a bullfrog
  1367 | D:3      | Reached XP level 5. HP: 40/48 MP: 4/4
  1459 | D:3      | Reached skill level 6 in Unarmed Combat
  1459 | D:3      | You fall into a shaft and drop 3 floors!
  1460 | D:6      | Identified the +2 rapier of the Little People {speed,
                  | Will++ rCorr Str-3 Int+2}
  1517 | D:5      | Entered Level 5 of the Dungeon
  1775 | D:5      | Reached XP level 6. HP: 55/55 MP: 5/5
  2065 | D:5      | Reached skill level 7 in Unarmed Combat
  2954 | D:3      | Noticed Grinder
  2961 | D:3      | Killed Grinder
  2962 | D:3      | Reached skill level 8 in Unarmed Combat
  2962 | D:3      | Reached XP level 7. HP: 53/62 MP: 6/6
  3527 | D:4      | Found a transporter.
  3534 | D:4      | Found a one-way gate to the infinite horrors of the Abyss.
  3534 | D:4      | Noticed bcImEvil's ghost (amateur HuWn)
  3534 | D:4      | Noticed a small abomination
  3537 | D:4      | Noticed a small abomination
  3680 | D:4      | Noticed Natasha
  3695 | D:4      | Killed Natasha
  3696 | D:4      | Reached skill level 9 in Unarmed Combat
  3938 | D:4      | Found a runed translucent gate.
  3938 | D:4      | Found a runed translucent gate.
  3938 | D:4      | Found a runed translucent gate.
  3938 | D:4      | Noticed zenocrate's ghost (amateur OpSh)
  3940 | D:4      | Found a basalt altar of Yredelemnul.
  3989 | D:4      | Noticed a small abomination
  3995 | D:4      | Found a transporter.
  4155 | D:4      | Noticed Natasha
  4159 | D:4      | Killed Natasha
  4346 | D:5      | Reached XP level 8. HP: 30/70 MP: 7/7
  4629 | D:5      | Reached skill level 10 in Unarmed Combat
  5012 | D:5      | Found a runed translucent door.
  5017 | D:5      | Noticed Lemondrips's ghost (amateur DrSh)
  5328 | D:6      | Found a broken altar of Ashenzari.
  5624 | D:6      | Found a staircase to the Ecumenical Temple.
  5948 | Temple   | Entered the Ecumenical Temple
  5969 | Temple   | Became a worshipper of the Wu Jian Council
  6037 | D:7      | Reached skill level 5 in Throwing
  6802 | D:7      | Found Bajomiz's Distillery.
  6811 | D:7      | Bought 2 potions of might for 88 gold pieces
  6811 | D:7      | Bought a potion of heal wounds for 55 gold pieces
  6811 | D:7      | Bought a potion of resistance for 110 gold pieces
  7028 | D:7      | Reached XP level 9. HP: 71/76 MP: 8/8
  7356 | D:7      | Bought a potion of ambrosia for 88 gold pieces
  7573 | D:8      | Identified the amulet "Maosmome" {Spirit Harm *Slow rF+
                  | rCorr}
  7619 | D:8      | Reached * piety under Wu Jian
  7627 | D:8      | Noticed Maggie
  7663 | D:8      | Killed Maggie
  8638 | D:9      | Noticed a two-headed ogre
  8645 | D:9      | Killed a two-headed ogre
  8646 | D:9      | Reached skill level 10 in Throwing
  8646 | D:9      | Reached XP level 10. HP: 89/89 MP: 9/9
  9173 | D:9      | Noticed a deep elf pyromancer
  9795 | D:9      | Noticed a two-headed ogre
  9802 | D:9      | Killed a two-headed ogre
  9803 | D:9      | Reached skill level 5 in Fighting
 10052 | D:9      | Killed a deep elf pyromancer
 10485 | D:10     | Entered Level 10 of the Dungeon
 10547 | D:10     | Found a staircase to the Orcish Mines.
 10789 | D:10     | Reached ** piety under Wu Jian
 10946 | D:10     | Reached XP level 11. HP: 91/111 MP: 7/10
 11037 | D:10     | Found a staircase to the Lair.
 11404 | D:10     | Found a sacrificial altar of Ru.
 11513 | Lair:1   | Entered Level 1 of the Lair of Beasts
 12184 | Lair:1   | Reached skill level 10 in Fighting
 12541 | Lair:1   | Reached skill level 11 in Unarmed Combat
 13512 | Lair:2   | Reached skill level 12 in Unarmed Combat
 13568 | Lair:2   | Noticed Erica
 13998 | Lair:2   | Reached XP level 12. HP: 126/126 MP: 11/11
 14128 | Lair:2   | Reached *** piety under Wu Jian
 14219 | Lair:2   | Killed Erica
 14497 | Lair:2   | Noticed a five-headed hydra
 14502 | Lair:2   | Killed an eight-headed hydra
 14502 | Lair:2   | Reached skill level 13 in Unarmed Combat
 15145 | Lair:2   | Found a staircase to the Shoals.
 15158 | Lair:2   | Identified the +8 war axe of Oxidygos {flame, +Blink Int+3}
 15247 | Lair:2   | Reached skill level 14 in Unarmed Combat
 16493 | Lair:3   | Reached skill level 15 in Unarmed Combat
 16500 | Lair:3   | Reached skill level 1 in Armour
 16997 | Lair:3   | Found a staircase to the Snake Pit.
 17271 | Lair:3   | Noticed Amaemon
 17280 | Lair:3   | Killed Amaemon
 17342 | Lair:3   | Identified the +7 rapier "Sazedgheme" {pain, rN++ Stlth+}
 17349 | Lair:3   | Reached XP level 13. HP: 118/133 MP: 10/12
 17624 | Lair:3   | Found a runed translucent door.
 17625 | Lair:3   | Noticed Ifupes's ghost (journeyman DsCK)
 17840 | D:7      | Bought a potion of invisibility for 88 gold pieces
 18118 | Lair:4   | Reached skill level 5 in Armour
 18815 | Lair:4   | Reached **** piety under Wu Jian
 19952 | Lair:5   | Entered Level 5 of the Lair of Beasts
 19998 | Lair:5   | Found a staircase to the Slime Pits.
 19999 | Lair:5   | Found a viscous altar of Jiyva.
 21176 | Lair:5   | Reached skill level 10 in Armour
 21614 | Orc:1    | Entered Level 1 of the Orcish Mines
 21820 | Orc:1    | Reached XP level 14. HP: 121/144 MP: 10/13
 21967 | D:10     | Reached ***** piety under Wu Jian
 21975 | Orc:1    | Annihilated by an ettin

Illustrated notes

Levels and vault maps discovered:
D:1:      erik_arrival_blinker_ship, layout_basic, corexii_leaking_fountain,
          minmay_vboxes
D:2:      kennysheep_six_static_rooms, layout_basic
D:3:      layout_loops_ring, minmay_increasing_density, uniq_grinder
D:4:      layout_loops_ring, nicolae_yredelemnul_ghost_church,
          gammafunk_ghost_abyssal_escape, uniq_natasha
D:5:      layout_loops_ring, ebering_ghost_sewer_d, kennysheep_big_empty_room,
          grunt_ministairs_1, goddamned_bats
D:6:      layout_basic, evilmike_ruin_ashenzari, temple_green
D:7:      layout_rooms, serial_shops, shop, kennysheep_another_room,
          minmay_misc_feat_rugged
D:8:      layout_rooms, uniq_maggie
D:9:      layout_loops_corners, kennysheep_generic_room_2
D:10:     layout_roguey, mainiacjoe_overflow_alcove_1, david_lair_shrubbed,
          minmay_orc_entry_temple_small
Temple:   hellmonk_temple_of_storms
Lair:1:   layout_regular_city, chequers_serial_rivers_large_b,
          grunt_megastairs_2, lemuel_fruit_tree, infiniplex_staircase_pool_2
Lair:2:   layout_loops_ring, elwin_shoals_entry_stream, grunt_megastairs_1,
          uniq_erica
Lair:3:   layout_loops_ring, minmay_snake_entry_guardpost_medium,
          gammafunk_ghost_grave, uniq_amaemon
Lair:4:   layout_cave_pods, grunt_megastairs_5
Lair:5:   grunt_lair_end_beastmaster, layout_loops_ring, slime_entry_1,
          grunt_forest_small_clearing_treed
Orc:1:    giant_chief_lemuel, layout_diamond_mine

Skill      XL: |  1  2  3  4  5  6  7  8  9 10 11 12 13 |
---------------+----------------------------------------+-----
Unarmed Combat | 4 5 6 8 9 10 12 15 | 15.0
Throwing       | 6 10 | 10.0
Fighting       | 2 8 10 | 10.6
Armour         | 4 10 | 10.0
Dodging        | |  2.4

Action                     |  1- 3 |  4- 6 |  7- 9 | 10-12 | 13-15 || total
---------------------------+-------+-------+-------+-------+-------++-------
  Melee: Unarmed           |    68 |    89 |   256 |   583 |   281 ||  1277
         Punch             |     3 |     1 |    11 |    54 |    31 ||   100
  Throw: Dart              |     1 |     8 |    23 |   120 |    94 ||   246
         Large rock        |       |     2 |       |       |       ||     2
         Throwing net      |       |     1 |     2 |     2 |       ||     5
         Boomerang         |       |       |    49 |    17 |       ||    66
         Javelin           |       |       |       |     1 |       ||     1
 Invoke: Serpent's Lash    |       |       |       |     4 |     2 ||     6
Ability: Lunge             |       |       |    19 |    57 |    32 ||   108
         Whirlwind         |       |       |     1 |    57 |    52 ||   110
         Wall Jump         |       |       |       |     4 |     2 ||     6
  Evoke: Wand              |       |       |     1 |    18 |    10 ||    29
         Lightning rod     |       |       |       |       |     2 ||     2
    Use: Scroll            |     2 |     3 |     9 |     9 |     6 ||    29
         Potion            |       |       |     2 |     5 |     3 ||    10
   Stab: Sleeping          |     2 |       |     1 |       |       ||     3
         Paralysed         |       |       |       |     3 |       ||     3
         Invisible         |       |       |       |     1 |     3 ||     4
         Petrifying        |       |       |       |       |     1 ||     1
         Petrified         |       |       |       |       |     1 ||     1
 Armour: Robe              |    17 |    13 |    57 |    38 |       ||   125
         Swamp dragon scal |       |       |       |    17 |    63 ||    80
  Dodge: Dodged            |    31 |    57 |   188 |   236 |   118 ||   630

Table legend: (Time is in decaauts)
 A = Elapsed time spent in this place.
 B = Non-inter-level travel time spent in this place.
 C = Inter-level travel time spent in this place.
 D = Time resting spent in this place.
 E = Time spent auto-exploring this place.
 F = Levels seen in this place.
 G = Mean time per level.
                   A        B        C        D        E       F      G
               +--------+--------+--------+--------+--------+-----+--------+
         Total |  21727 |  20149 |   1578 |   8195 |   7648 |  17 | 1278.1 |
       Dungeon |  12193 |  11035 |   1158 |   4217 |   4495 |  10 | 1219.3 |
        Temple |     42 |     22 |     20 |      0 |      0 |   1 |   42.0 |
          Lair |   9457 |   9058 |    399 |   3978 |   3153 |   5 | 1891.4 |
  Orcish Mines |     34 |     34 |      0 |      0 |      0 |   1 |   34.0 |
               +--------+--------+--------+--------+--------+-----+--------+

Top non-repeatable levels by time:
  Lair:2: 2616 daAuts
     D:9: 2288 daAuts
  Lair:1: 2166 daAuts
  Lair:4: 1926 daAuts
     D:6: 1590 daAuts
     D:5: 1587 daAuts
    D:10: 1544 daAuts
  Lair:5: 1481 daAuts
     D:4: 1415 daAuts
  Lair:3: 1266 daAuts
     D:8: 879 daAuts
     D:7: 779 daAuts
     D:3: 754 daAuts
     D:1: 696 daAuts
     D:2: 657 daAuts
